 Dungeon Crawl Stone Soup version 0.21-a0-349-g0c35859 (webtiles) character file.

2270 Ijustatesigmund the Cutter (level 9, -2/50 HPs)
             Began as a Vine Stalker Fighter on Oct 8, 2017.
             Slain by a two-headed ogre
             ... wielding a +0 giant club
              (15 damage)
             ... on level 6 of the Dungeon.
             The game lasted 00:09:04 (5923 turns).

Ijustatesigmund the Cutter (Vine Stalker Fighter)   Turns: 5923, Time: 00:09:05

Health: -2/50      AC:  8    Str: 23    XL:     9   Next: 38%
Magic:  0/10       EV:  8    Int:  8    God:
Gold:   135        SH: 11    Dex: 17    Spells: 8/8 levels left

rFire    . . .     SeeInvis +   a - +1 rapier (flame)
rCold    + . .     Gourm    .   c - +1 shield
rNeg     . . .     Faith    .   p - +1 leather armour "Mathruc" {rC+ Str+4 SInv} (curse)
rPois    .         Spirit   +   (no helmet)
rElec    .         Reflect  .   n - +0 cloak
rCorr    .         Harm     .   r - +1 pair of gloves
MR       ++...                  (no boots)
Stlth    +.........             h - amulet of regeneration
HPRegen  0.96/turn              m - ring of protection from magic
MPRegen  0.12/turn              (no ring)

@: no status effects
A: fangs 3, regeneration 1, magic shield, antimagic bite, no potion heal 3, rot
immunity
a: no special abilities


You were on level 6 of the Dungeon.
You were not hungry.

You visited 1 branch of the dungeon, and saw 6 of its levels.

You collected 338 gold pieces.
You spent 203 gold pieces at shops.

Inventory:

Hand Weapons
 a - a +1 rapier of flaming (weapon)
Missiles
 b - 2 throwing nets (quivered)
 u - 26 bolts
Armour
 c - a +1 shield (worn)
 n - a +0 cloak (worn)
 p - the cursed +1 leather armour "Mathruc" (worn) {rC+ Str+4 SInv}
   (You bought it in a shop on level 6 of the Dungeon)

   It affects your strength (+4).
   It protects you from cold.
   It lets you see invisible.
   It has a curse placed upon it.
 r - a +1 pair of gloves (worn)
 w - +0 steam dragon scales
Jewellery
 h - an amulet of regeneration (around neck)
 m - a ring of protection from magic (left hand)
 s - an uncursed amulet of magic regeneration
Wands
 o - a wand of polymorph (13/24)
Scrolls
 e - 3 scrolls of teleportation
 i - 2 scrolls of remove curse
 j - 4 scrolls of identify
 t - 3 scrolls of amnesia
Potions
 d - 2 potions of curing
 g - a potion of cancellation
 k - a potion of haste
 l - a potion of agility
Books
 q - a book of Callings

   Spells                             Type                      Level
   a - Summon Small Mammal            Summoning                    1
   b - Call Imp                       Summoning                    2
   c - Call Canine Familiar           Summoning                    3
   d - Summon Guardian Golem          Hexes/Summoning              3
   e - Summon Lightning Spire         Summoning/Air                4
   f - Summon Ice Beast               Ice/Summoning                4
Comestibles
 f - 5 bread rations


   Skills:
 + Level 7.0 Fighting
 + Level 7.4 Short Blades
 + Level 5.7 Armour
 - Level 2.6 Shields


You had 8 spell levels left.
You didn't know any spells.

Dungeon Overview and Level Annotations

Branches:
Dungeon (6/15)
 Temple: D:4-7

Altars:
Ashenzari
Cheibriados
Dithmenos
Fedhas
Gozag
Okawaru
Qazlal
Yredelemnul
The Shining One

Shops:
D:6 [


Innate Abilities, Weirdness & Mutations

You have razor-sharp teeth.
Your natural rate of healing is unusually fast.
When hurt, damage is shared between your health and your magic reserves.
Your bite disrupts and absorbs the magic of your enemies.
Potions cannot restore your health.
You are immune to rotting.


Message History

You bite the two-headed ogre. You drain its power.
The two-headed ogre is heavily wounded.
The two-headed ogre hits you with a giant club!
You block the two-headed ogre's attack.
You hit the two-headed ogre. You burn the two-headed ogre.
You bite the two-headed ogre! You drain its power.
You feel invigorated.
The two-headed ogre is almost dead.
The two-headed ogre hits you with a giant club!
The two-headed ogre barely misses you.
You hit the two-headed ogre but do no damage.
You bite the two-headed ogre, but do no damage.
The two-headed ogre is almost dead.
The two-headed ogre hits you with a giant club! x2
* * * LOW HITPOINT WARNING * * *
You completely miss the two-headed ogre.
The two-headed ogre is almost dead.
Your shield prevents you from hitting the two-headed ogre.
The two-headed ogre is almost dead.
The two-headed ogre hits you with a giant club!
You die...

############
#.........)#
#.########..
#######.#
###
#.......#
#####
#@#######
#.... #O#
#.### #.#
#.# #.# #.#
#.# ######.#
#.# #..>...#
#.# #.######
#.# #.# #.#
#


You could see a two-headed ogre.

Vanquished Creatures
  Pikel (D:6)
  2 steam dragons (D:6)
  An ice beast (D:6)
  A sky beast (D:5)
  A black bear (D:6)
  An ogre (D:5)
  A phantom (D:4)
  A centaur (D:6)
  The ghost of reteaz the Cudgeler, an amateur GrFi (D:3)
  A bullfrog (D:6)
  A scorpion (D:4)
  A howler monkey (D:6)
  2 crimson imps
  4 orc priests (D:3)
  2 iguanas (D:6)
  Jessica (D:3)
  3 orc wizards
  7 worker ants
  8 gnolls
  6 adders
  An ooze (D:1)
  An adder skeleton (D:4)
  5 worms
  3 dart slugs
  6 leopard geckos
  20 orcs
  2 bats
  3 giant cockroaches
  8 goblins
  7 hobgoblins
  13 jackals
  5 quokkas
  4 frilled lizards
  5 kobolds
  A quokka skeleton (D:6)
  4 rats
134 creatures vanquished.

Vanquished Creatures (others)
  An orc wizard (D:6)
  3 orcs (D:6)
4 creatures vanquished.

Grand Total: 138 creatures vanquished

Notes
Turn   | Place    | Note
-------+----------+-------------------------------------------
     0 | D:1      | Ijustatesigmund the Vine Stalker Fighter began the quest for the Orb.
     0 | D:1      | Reached XP level 1. HP: 11/11 MP: 2/2
   360 | D:1      | Reached XP level 2. HP: 16/16 MP: 3/3
   676 | D:1      | Reached XP level 3. HP: 20/20 MP: 4/4
  1169 | D:2      | Found a glowing golden altar of the Shining One.
  1521 | D:2      | Found a basalt altar of Yredelemnul.
  1746 | D:2      | Gained mutation: Your natural rate of healing is unusually fast. [Vine Stalker growth]
  1746 | D:2      | Reached XP level 4. HP: 24/24 MP: 5/5
  1762 | D:2      | You fall through a shaft for 2 floors!
  1929 | D:3      | Found a blossoming altar of Fedhas.
  2006 | D:2      | Reached XP level 5. HP: 26/28 MP: 4/6
  2369 | D:3      | Noticed reteaz's ghost (amateur GrFi)
  2378 | D:3      | Killed reteaz's ghost
  2400 | D:3      | Reached XP level 6. HP: 33/33 MP: 7/7
  2520 | D:3      | Found an opulent altar of Gozag.
  2532 | D:3      | Noticed Jessica
  2540 | D:3      | Killed Jessica
  2833 | D:3      | Found a shattered altar of Ashenzari.
  3155 | D:4      | Reached skill level 5 in Short Blades
  3358 | D:4      | Noticed a phantom
  3377 | D:4      | Killed a phantom
  3377 | D:4      | Reached XP level 7. HP: 30/38 MP: 8/8
  3386 | D:4      | Found a snail-covered altar of Cheibriados.
  3849 | D:4      | Reached skill level 5 in Fighting
  4276 | D:5      | Entered Level 5 of the Dungeon
  4363 | D:5      | You fall through a shaft!
  4485 | D:5      | Gained mutation: You have razor-sharp teeth. [Vine Stalker growth]
  4485 | D:5      | Reached XP level 8. HP: 43/43 MP: 9/9
  4826 | D:5      | Found a blossoming altar of Fedhas.
  4915 | D:5      | Found an iron altar of Okawaru.
  5181 | D:6      | Found Mauginut's Antique Armour Shoppe.
  5189 | D:6      | Bought a steaming leather armour for 203 gold pieces
  5199 | D:6      | Identified the cursed +1 leather armour "Mathruc" {rC+ Str+4 SInv} (You bought it in a shop on level 6 of the Dungeon)
  5261 | D:6      | Found a shadowy altar of Dithmenos.
  5293 | D:6      | Found a stormy altar of Qazlal.
  5417 | D:6      | Noticed Pikel
  5430 | D:6      | Killed Pikel
  5430 | D:6      | Reached skill level 5 in Armour
  5430 | D:6      | Reached XP level 9. HP: 27/49 MP: 8/10
  5916 | D:6      | Noticed a two-headed ogre
  5923 | D:6      | Slain by a two-headed ogre

Vault maps used:
D:1:      dpeg_arrival_water_fire, minmay_liquid_box
D:2:      tso_metal_star, nicolae_overflow_hidden_temple
D:3:      cheibrodos_ashenzari_chains, lemuel_round_altar, first_bread,
          fedhas_altar_2, uniq_jessica
D:4:      kennysheep_slug_shrine
D:5:      overflow_temple_1_default, marbit_many_paths
D:6:      cheibrodos_steamvent, grunt_temple_overflow_open, temple_hall,
          serial_shops, shop, uniq_pikel

Skill      XL: |  1  2  3  4  5  6  7  8  9 |
---------------+----------------------------+-----
Short Blades   | 2 3 4 5 7 |  7.4
Fighting       | 3 4 5 6 7 |  7.0
Armour         | 3 5 |  5.7
Shields        | |  2.6

Action                   |  1- 3 |  4- 6 |  7- 9 || total
-------------------------+-------+-------+-------++-------
Melee: Rapier            |   105 |   144 |   224 ||   473
       Bite              |    19 |    50 |    81 ||   150
  Use: Potion            |     3 |     2 |     2 ||     7
       Scroll            |     4 |     5 |     4 ||    13
  Eat: Chunk             |     2 |     5 |     9 ||    16
Armor: Scale mail        |    44 |    46 |    45 ||   135
       Leather armour    |       |       |    34 ||    34
Dodge: Dodged            |    27 |    24 |    56 ||   107
Block: Shield            |    43 |    50 |    91 ||   184

Table legend:
 A = Spawn XP
 B = Non-spawn XP
 C = Spawn XP percentage of total XP
 D = Spawn monster count
 E = Non-spawn monster count
 F = Spawn count percentage of total count
 G = Total turns spent on level
                    A         B        C        D         E        F      G
               +---------+---------+-------+---------+---------+-------+---------
         Total |       0 |    3243 |   0.0 |       0 |     134 |   0.0 |  5923
               +---------+---------+-------+---------+---------+-------+---------
           D:1 |       0 |      44 |   0.0 |       0 |      21 |   0.0 |  1115
           D:2 |       0 |     107 |   0.0 |       0 |      27 |   0.0 |  1058
           D:3 |       0 |     389 |   0.0 |       0 |      28 |   0.0 |   954
           D:4 |       0 |     437 |   0.0 |       0 |      19 |   0.0 |  1149
           D:5 |       0 |     439 |   0.0 |       0 |      16 |   0.0 |   861
           D:6 |       0 |    1827 |   0.0 |       0 |      23 |   0.0 |   786
               +---------+---------+-------+---------+---------+-------+---------
